 Dungeon Sprint DCSS version 0.29.1-2-gbd0b4ee654 (webtiles) character file.

Game seed: 7829371202563598904

298 boopmooplesden the Cleaver (level 9, -20/92 HPs)
             Began as a Minotaur Fighter on Nov 28, 2022.
             Was a High Priest of Okawaru.
             Demolished by a naga warlord
             ... wielding a +0 halberd
              (28 damage)
             ... in the Dungeon (Sprint VI: "Thunderdome").
             The game lasted 00:03:08 (555 turns).

boopmooplesden the Cleaver (Minotaur Fighter)        Turns: 555, Time: 00:03:09

Health: -20/92     AC: 10    Str: 30    XL:     9   Next: 3%
Magic:  0/8        EV: 12    Int:  5    God:    Okawaru [*****.]
Gold:   291        SH:  7    Dex: 14    Spells: 8/8 levels left

rFire   . . .      SeeInvis +   e - +0 broad axe
rCold   + + +      Faith    .   c - +0 buckler
rNeg    . . .      Spirit   +   b - +0 scale mail
rPois   +          Reflect  .   (helmet restricted)
rElec   +          Harm     .   i - +0 cloak
rCorr   +          Rampage  .   (no gloves)
Will    .....      NoTele   +   (no boots)
Stlth   ..........              p - amulet "Beicw" {Spirit +Blink Fly rC+ Str+6}
HPRegen 0.25/turn               q - ring "Amizatwa" {rPois rC+}
MPRegen 0.11/turn               o - ring "Vezakk" {rF- rC+ Dex+3 SInv}

@: resistant, flying, hasted, very quick
A: horns 2, retaliatory headbutt
a: Renounce Religion, Evoke Blink, Heroism, Finesse


You were in the Dungeon.
You worshipped Okawaru.
Okawaru was extremely pleased with you.
You visited 1 branch You collected 600 gold pieces.
You spent 309 gold pieces at shops.

Inventory:

Hand Weapons
 a - a +0 war axe
 e - a +0 broad axe (weapon)
Armour
 b - a +0 scale mail (worn)
 c - a +0 buckler (worn)
 i - a +0 cloak (worn)
Jewellery
 o - the ring "Vezakk" (right hand) {rF- rC+ Dex+3 SInv}
   (You bought it in a shop in the Dungeon)

   [ring of see invisible]

   Dex:       It affects your dexterity (+3).
   rF:        It makes you vulnerable to fire.
   rC:        It protects you from cold.
   SInv:      It lets you see invisible.
 p - the amulet "Beicw" (around neck) {Spirit +Blink Fly rC+ Str+6}
   (You bought it in a shop in the Dungeon)

   [amulet of guardian spirit]

   It causes incoming damage to be divided between your reserves of health and
   magic.
   Str:       It affects your strength (+6).
   rC:        It protects you from cold.
   Fly:       It grants you flight.
   +Blink:    It lets you blink.
 q - the ring "Amizatwa" (left hand) {rPois rC+}
   (You bought it in a shop in the Dungeon)

   [ring of protection from cold]

   rC:        It protects you from cold.
   rPois:     It protects you from poison.
Wands
 l - a wand of light (5)
 m - a wand of iceblast (5)
Scrolls
 j - 4 scrolls of blinking
 n - 3 scrolls of butterflies
Potions
 d - a potion of might
 g - 2 potions of haste
 h - 2 potions of magic


   Skills:
 + Level 12.7 Fighting
 + Level 13.1 Axes
 + Level 11.9 Armour
 + Level 5.4 Dodging
 + Level 11.3 Shields
 + Level 0.6 Invocations


You had 8 spell levels left.
You didn't know any spells.
Your spell library was empty.

Dungeon Overview and Level Annotations

Branches:
Dungeon (1/1)

Altars:
Cheibriados
Dithmenos
Fedhas
Gozag
Kikubaaqudgha
Makhleb
Okawaru
Qazlal
Ru
Sif Muna
Trog
Uskayaw
Vehumet
Wu Jian
Xom
Yredelemnul
Zin
The Shining One
Lugonu

Shops:
D *[??*?*:[((!!!!


Innate Abilities, Weirdness & Mutations

You have a pair of horns on your head.
You reflexively headbutt those who attack you in melee.


Message History

You hit the mana viper but do no damage.
The mana viper is almost dead.
The mana viper bites you!
* * * LOW HITPOINT WARNING * * *
You slice the mana viper!!
You kill the mana viper!
Okawaru is honoured by your kill.
Your base Dodging skill increases to level 5!
You feel yourself speed up.
You feel like a meek peon again.
You feel protected.
A naga comes into view.
It is wielding a +1 short sword of holy wrath.
You see here a hell hound corpse.
The naga warlord shouts!
You see here a wolf corpse.
The naga warlord spits poison at you.
The splash of poison hits you but does no damage.
You resist.
You closely miss the naga. The naga barely misses you. You furiously retaliate!
You headbutt the naga! The naga grabs you. The naga constricts you.
* * * LOW HITPOINT WARNING * * *
You hit the naga but do no damage.
You headbutt the naga, but do no damage.
The naga is moderately wounded.
The naga warlord roars a battlecry!
The naga goes into a battle-frenzy!
You slash the naga! You headbutt the naga!
You kill the naga!
Okawaru is honoured by your kill.
Okawaru will now gift you equipment as you gain piety.
Your Axes skill increases to level 13!
You have reached level 9!
Your experience leads to an increase in your attributes!
Your base attributes are Str 22, Int 5, Dex 11.
Increase (S)trength, (I)ntelligence, or (D)exterity?
You feel stronger. x2
You don't have enough magic at the moment.
The naga warlord misses you.
The naga warlord hits you with a +0 halberd!!
You die...

##..........†..###..†..........
#⌠..........###...###..........
#⌠..........# #†<.# #..........
#⌠..........###†..###..........
##...........††###...÷.........
###∩........8.# #.8........∩##
##∩___...)..###.......__∩##
######.8.........8.######
#§...@.......⌠# ###..N......###
#_......._# #_......._#
#_......._# #∩.......∩#
##∩.....∩## ##.....## ##⌠⌠⌠##


You could see a naga warlord.

Vanquished Creatures
  A mana viper (D)
  A redback (D)
  A naga (D)
  3 water moccasins (D)
  2 hell hounds (D)
  9 wolves (D)
  2 scorpions (D)
  A hound (D)
  An adder (D)
  A ball python (D)
  A hobgoblin (D)
  2 jackals (D)
  A frilled lizard (D)
26 creatures vanquished.

Notes
Turn   | Place    | Note
-------+----------+-------------------------------------------
     0 | D        | boopmooplesden the Minotaur Fighter began the quest for the
                  | Orb.
     0 | D        | Reached XP level 1. HP: 19/19 MP: 0/0
     3 | D        | Found a shadowy altar of Dithmenos.
     4 | D        | Found a corrupted altar of Lugonu.
     4 | D        | Found a blossoming altar of Fedhas.
     5 | D        | Found an ancient bone altar of Kikubaaqudgha.
     5 | D        | Round 1.
     6 | D        | Found a sacrificial altar of Ru.
     6 | D        | Found a glowing golden altar of the Shining One.
     6 | D        | Found Udelink's Identification Station.
     7 | D        | Found Tuss's Jewellery.
     7 | D        | Found Niskel's Advanced Armour.
    16 | D        | Bought a transparent brass ring for 45 gold pieces
    16 | D        | Identified the ring "Vezakk" {rF- rC+ Dex+3 SInv} (You
                  | bought it in a shop in the Dungeon)
    16 | D        | Bought a translucent steel amulet for 45 gold pieces
    16 | D        | Identified the amulet "Beicw" {Spirit +Blink Fly rC+ Str+6}
                  | (You bought it in a shop in the Dungeon)
    16 | D        | Bought a pitted turquoise ring for 45 gold pieces
    16 | D        | Identified the ring "Amizatwa" {rPois rC+} (You bought it
                  | in a shop in the Dungeon)
    26 | D        | Found a shimmering altar of Xom.
    27 | D        | Found a radiant altar of Vehumet.
    28 | D        | Found an iron altar of Okawaru.
    31 | D        | Found a glowing silver altar of Zin.
    31 | D        | Found a snail-covered altar of Cheibriados.
    31 | D        | Found a hide-covered altar of Uskayaw.
    31 | D        | Found Pujeok's Premium Goods.
    31 | D        | Found Amenn's Weapon Rack.
    32 | D        | Found Jyoz's Miscellaneous Merchandise.
    32 | D        | Found Tyecops's Basic Armour.
    40 | D        | Became a worshipper of Warmaster Okawaru
    46 | D        | Found a basalt altar of Yredelemnul.
    47 | D        | Found an ornate altar of the Wu Jian Council.
    48 | D        | Found Dabiy's Do-It-Yourself Clinic.
    49 | D        | Found Itaahuet's Bottled Wisdom.
    49 | D        | Found Plog's Distillery.
    49 | D        | Found a shimmering blue altar of Sif Muna.
    49 | D        | Found a stormy altar of Qazlal.
    49 | D        | Found Nautzit's Distillery.
    53 | D        | Found a bloodstained altar of Trog.
    55 | D        | Found an opulent altar of Gozag.
    56 | D        | Found Geboudy's Staff Store.
    57 | D        | Found a burning altar of Makhleb.
    57 | D        | Found Awoym's Magic Scroll Shop.
    57 | D        | Found Conumo Mies's Must-Have Magic.
    57 | D        | Found Obbuuwosoh's Magic Scroll Shop.
    88 | D        | Reached skill level 3 in Axes
    88 | D        | Reached XP level 2. HP: 27/28 MP: 1/1
    95 | D        | Arena points: 12 (+12) [x2]
   148 | D        | Round 2.
   150 | D        | Noticed a water moccasin
   156 | D        | Noticed a water moccasin
   156 | D        | Noticed a redback
   159 | D        | Noticed a scorpion
   161 | D        | Noticed a scorpion
   163 | D        | Killed a water moccasin
   163 | D        | Reached * piety under Okawaru
   164 | D        | Reached skill level 5 in Axes
   164 | D        | Reached XP level 3. HP: 38/38 MP: 2/2
   164 | D        | Reached XP level 4. HP: 45/45 MP: 3/3
   165 | D        | Killed a scorpion
   165 | D        | Reached ** piety under Okawaru
   166 | D        | Reached skill level 6 in Axes
   166 | D        | Reached skill level 1 in Dodging
   166 | D        | Reached XP level 5. HP: 53/53 MP: 4/4
   166 | D        | Killed a redback
   167 | D        | Reached skill level 7 in Axes
   167 | D        | Reached XP level 6. HP: 62/62 MP: 5/5
   180 | D        | Noticed a water moccasin
   191 | D        | Killed a water moccasin
   191 | D        | Reached *** piety under Okawaru
   192 | D        | Reached skill level 8 in Axes
   197 | D        | Killed a water moccasin
   197 | D        | Arena points: 54 (+42) [x3]
   198 | D        | Reached skill level 10 in Fighting
   198 | D        | Reached skill level 9 in Axes
   198 | D        | Reached XP level 7. HP: 24/72 MP: 2/6
   213 | D        | Round 3.
   244 | D        | Reached skill level 10 in Armour
   244 | D        | Reached skill level 10 in Shields
   263 | D        | Reached skill level 10 in Axes
   341 | D        | Reached **** piety under Okawaru
   341 | D        | Arena points: 138 (+84) [x4]
   350 | D        | Bought a +0 broad axe for 120 gold pieces
   351 | D        | Bought a +0 cloak for 54 gold pieces
   386 | D        | Round 4.
   394 | D        | Reached XP level 8. HP: 52/82 MP: 7/7
   397 | D        | Reached skill level 11 in Axes
   459 | D        | Arena points: 298 (+160) [x5]
   460 | D        | Reached skill level 12 in Axes
   521 | D        | Round 5.
   529 | D        | Noticed a naga warlord
   531 | D        | Noticed a mana viper
   541 | D        | Killed a mana viper
   542 | D        | Reached skill level 5 in Dodging
   553 | D        | Reached ***** piety under Okawaru
   554 | D        | Reached skill level 13 in Axes
   554 | D        | Reached XP level 9. HP: 7/92 MP: 1/8
   555 | D        | Demolished by a naga warlord

Illustrated notes

Levels and vault maps discovered:
D:        arena_sprint

Skill      XL: |  1  2  3  4  5  6  7  8 |
---------------+-------------------------+-----
Fighting       | 4 6 7 8 10 11 12 | 12.7
Axes           | 3 5 6 7 9 10 13 | 13.1
Armour         | 4 6 7 8 9 10 11 | 11.9
Shields        | 4 6 7 8 9 10 11 | 11.3
Dodging        | 1 2 3 5 |  5.4
Invocations    | |  0.6

Action                   |  1- 3 |  4- 6 |  7- 9 || total
-------------------------+-------+-------+-------++-------
Melee: War axe           |    13 |    17 |    28 ||    58
       Headbutt          |     1 |     3 |    12 ||    16
       Broad axe         |       |       |    31 ||    31
Invok: Heroism           |       |       |     2 ||     2
  Use: Potion            |     1 |     2 |     6 ||     9
Armor: Scale mail        |     7 |     9 |    22 ||    38
Dodge: Dodged            |     9 |    11 |    32 ||    52
Block: Buckler           |     5 |     5 |    13 ||    23
